 Dungeon Crawl Stone Soup version 0.15-a0-2102-gacb6860 (console) character file.

462 spidey the Chiller (level 6, -1/32 HPs)
             Began as a Deep Elf Ice Elementalist on July 14, 2014.
             Slain by a big kobold zombie (5 damage)
             ... on Level 6 of the Dungeon on July 15, 2014.
             The game lasted 00:14:12 (1838 turns).

spidey the Chiller (Deep Elf Ice Elementalist)      Turns: 1838, Time: 00:14:12

HP  -1/32        AC  2     Str  5      XL: 6   Next: 79%
MP   6/21        EV 13     Int 22      God:
Gold 68          SH  0     Dex 15      Spells:  3 memorised,  8 levels left

rFire  . . .     SeeInvis .     h - +0 war axe
rCold  . . .     Clarity  .     a - +0 robe
rNeg   . . .     rCorr    .     (no shield)
rPois  .         rRot     .     (no helmet)
rElec  .         Spirit   .     (no cloak)
SustAb .         Warding  .     (no gloves)
rMut   +         Stasis   .     (no boots)
Gourm  .                        y - amulet of resist mutation
MR     .....                    (no ring)
                                (no ring)

@: not resistant to hostile enchantments, unstealthy
A: no striking features
a: no special abilities


You were on level 6 of the Dungeon.
You were not hungry.

You visited 2 branches of the dungeon, and saw 7 of its levels.

You collected 230 gold pieces.
You spent 162 gold pieces at shops.

Inventory:

Hand weapons
 h - a +0 war axe (weapon)
Armour
 a - a +0 robe (worn)
 d - a +0 ring mail
 s - a +2 ring mail of poison resistance
Magical devices
 x - a wand of cold (6)
Comestibles
 c - 5 bread rations
 f - 3 beef jerkies
 g - 2 slices of pizza
Scrolls
 e - a scroll of noise {unknown}
 i - 2 scrolls of identify {unknown}
 j - a scroll of amnesia {unknown}
 m - a scroll of random uselessness {unknown}
 n - a scroll of teleportation {unknown}
 o - a scroll of enchant weapon {unknown}
 p - a scroll of magic mapping {unknown}
 q - a scroll of remove curse {unknown}
 v - a scroll of brand weapon {unknown}
 w - a scroll of enchant armour {unknown}
Jewellery
 y - an amulet of resist mutation (around neck)
Potions
 k - a potion of curing {unknown}
 l - 3 potions of confusion {unknown}
 r - a potion of haste {unknown}
 t - a potion of heal wounds {unknown}
 u - 2 potions of restore abilities {unknown}
Books
 b - a book of Frost

   Spells                             Type                      Level
   *Freeze                            Ice                          1
   *Throw Frost                       Conjuration/Ice              2
   Ozocubu's Armour                   Charms/Ice                   3
   *Throw Icicle                      Conjuration/Ice              4
   Summon Ice Beast                   Ice/Summoning                4
   Condensation Shield                Ice                          4


   Skills:
 - Level 2.4 Dodging
 - Level 2.4 Stealth
 - Level 5.1 Spellcasting
 + Level 5.3 Conjurations
 + Level 5.5 Ice Magic


You had 8 spell levels left.
You knew the following spells:

 Your Spells              Type           Power        Failure   Level  Hunger
a - Freeze                Ice            ####         1%          1    None
b - Throw Frost           Conj/Ice       ####..       1%          2    None
c - Throw Icicle          Conj/Ice       ####....     12%         4    ####...


Dungeon Overview and Level Annotations

Branches:
Dungeon (6/15)             Temple (1/1) D:5

Altars:
Dithmenos
Elyvilon
Fedhas
Gozag
Okawaru
Qazlal
Sif Muna
Trog
Vehumet
Xom
Zin
The Shining One

Shops:
D:4 *:   D:5 =

Annotations:
D:3 random's ghost, average MiHu


Message History

A shadow imp comes into view.
Items here: $ % ( )) a hunting sling; an uncursed dagger; 11 stones; 12 gold pieces; a goblin corpse
Things that are here:
a club; a hobgoblin skeleton You see here a stone.
A big kobold zombie comes into view.
You hit the big kobold zombie. The big kobold zombie misses you.
The big kobold zombie closely misses you.
You hit the big kobold zombie but do no damage.
The big kobold zombie barely misses you.
You hit the big kobold zombie but do no damage.
The big kobold zombie hits you but does no damage.
You slash the big kobold zombie! The big kobold zombie misses you.
You slash the big kobold zombie!
The big kobold zombie barely misses you.
You barely miss the big kobold zombie. The big kobold zombie hits you.
* * * LOW HITPOINT WARNING * * *
The big kobold zombie hits you.
You die...

#....## #.P8........## #>#
#### ##.8..........## #.##
##..............# #..#
##...............## #..#
#.................###..#
#.................##...<
##......................
..#####................##...
Z..........@...........###..
..........#Z......<.(..# ###
..#########.........### # .
##..##...### #..####### #..#
....# ....... .........


You could see a big kobold zombie.

Vanquished Creatures
  A phantom (D:6)
  A giant frog (D:6)
  A scorpion (D:6)
  2 crimson imps
  An iguana (D:5)
  A jelly (D:3)
  A worker ant (D:5)
  2 adders
  A worm (D:3)
  An orc zombie (D:6)
  An ooze (D:3)
  8 orcs (D:3)
  6 goblins
  4 hobgoblins
  2 quokkas
  4 bats
  4 giant cockroaches
  3 giant geckos
  A giant newt (D:3)
  A giant spore (D:6)
  A hobgoblin zombie (D:5)
  5 kobolds
  7 rats
59 creatures vanquished.

Notes
Turn   | Place    | Note
--------------------------------------------------------------
     0 | D:1      | spidey, the Deep Elf Ice Elementalist, began the quest for the Orb.
     0 | D:1      | Reached XP level 1. HP: 10/10 MP: 5/5
   214 | D:2      | Reached skill level 4 in Spellcasting
   214 | D:2      | Reached XP level 2. HP: 6/15 MP: 6/9
   218 | D:2      | Learned a level 2 spell: Throw Frost
   347 | D:3      | Reached XP level 3. HP: 3/19 MP: 5/13
   430 | D:3      | Noticed random's ghost (average MiHu)
   483 | D:3      | Reached skill level 5 in Spellcasting
   483 | D:3      | Reached XP level 4. HP: 13/24 MP: 0/17
   489 | D:3      | Learned a level 4 spell: Throw Icicle
  1129 | D:4      | Found Baaffauv's Assorted Antiques.
  1141 | D:4      | Bought a brown potion for 21 gold pieces
  1141 | D:4      | Bought a brown potion for 21 gold pieces
  1141 | D:4      | Bought a scroll labeled MUB KUGHUGG for 24 gold pieces
  1175 | D:4      | Found Khubyit's Book Boutique.
  1235 | D:4      | Bought a twisted iron wand for 96 gold pieces
  1253 | D:5      | Entered Level 5 of the Dungeon
  1295 | D:5      | Found a staircase to the Ecumenical Temple.
  1316 | Temple   | Entered the Ecumenical Temple
  1472 | D:5      | Reached XP level 5. HP: 17/28 MP: 7/19
  1480 | D:5      | Found Groapp's Jewellery Emporium.
  1574 | D:6      | Reached XP level 6. HP: 29/32 MP: 3/21
  1661 | D:6      | Reached skill level 5 in Ice Magic
  1695 | D:6      | Noticed a phantom
  1773 | D:6      | Killed a phantom
  1773 | D:6      | Reached skill level 5 in Conjurations
  1838 | D:6      | Slain by a big kobold zombie

Action                   |  1- 3 |  4- 6 || total
-------------------------+-------+-------++-------
Melee: Dagger            |     7 |       ||     7
       Flail             |     5 |       ||     5
       War axe           |     6 |    76 ||    82
 Cast: Freeze            |    27 |    27 ||    54
       Throw Frost       |     8 |     7 ||    15
       Throw Icicle      |       |    17 ||    17
Evoke: Wand              |       |     2 ||     2
 Stab: Sleeping          |     4 |     1 ||     5
  Eat: Chunk             |       |     6 ||     6
